 Dungeon Crawl Stone Soup version 0.21-a0-476-gd103f4b (webtiles) character file.

23 Gildeon the Magician (level 2, 0/15 HPs)
             Began as a Deep Elf Wizard on Nov 22, 2017.
             Slain by an adder (5 damage)
             ... on level 1 of the Dungeon.
             The game lasted 00:09:56 (1040 turns).

Gildeon the Magician (Deep Elf Wizard)              Turns: 1040, Time: 00:09:57

Health: 0/15       AC:  4    Str:  2 (4)  XL:     2   Next: 75%
Magic:  1/10       EV: 12    Int: 20 (22) God:
Gold:   16         SH:  0    Dex: 11 (13) Spells: 4/11 levels left

rFire    . . .     SeeInvis .   e - -3 club (curse)
rCold    . . .     Gourm    .   (no shield)
rNeg     . . .     Faith    .   a - +1 robe
rPois    .         Spirit   .   b - +0 hat
rElec    .         Reflect  .   (no cloak)
rCorr    .         Harm     .   (no gloves)
MR       .....                  l - +0 pair of boots
Stlth    ++........             (no amulet)
HPRegen  0.05/turn              (no ring)
MPRegen  0.12/turn              (no ring)

@: lethally poisoned (0 -> -10)
A: no striking features
a: no special abilities


You were on level 1 of the Dungeon.
You were not hungry.

You visited 1 branch of the dungeon, and saw 2 of its levels.

You collected 16 gold pieces.

Inventory:

Hand Weapons
 e - a cursed -3 club (weapon)
 h - a +1 dagger
 k - a +0 club
Armour
 a - a +1 robe (worn)
 b - a +0 hat (worn)
 l - a +0 pair of boots (worn)
Scrolls
 g - a scroll of teleportation {unknown}
Potions
 i - 2 potions of heal wounds {unknown}
 n - 3 potions of brilliance {unknown}
 o - a potion of flight {unknown}
Books
 c - a book of Minor Magic

   Spells                             Type                      Level
   a - Magic Dart                     Conjuration                  1
   b - Blink                          Translocation                2
   c - Call Imp                       Summoning                    2
   d - Slow                           Hexes                        2
   e - Conjure Flame                  Conjuration/Fire             3
   f - Mephitic Cloud                 Conjuration/Poison/Air       3
Comestibles
 d - a bread ration
 j - 5 chunks of flesh
 m - a meat ration


   Skills:
 - Level 2.4 Dodging
 - Level 2.4 Stealth
 - Level 5.0 Spellcasting
 + Level 2.5 Conjurations
 - Level 1.1 Summonings
 - Level 1.1 Translocations


You had 4 spell levels left.
You knew the following spells:

 Your Spells              Type           Power        Failure   Level  Hunger
a - Magic Dart            Conj           ###.         4%          1    None
b - Blink                 Tloc           N/A          11%         2    None
c - Slow                  Hex            #.......     17%         2    None
d - Call Imp              Summ           #.......     11%         2    None


Dungeon Overview and Level Annotations

Branches:
Dungeon (2/15)

Altars:

Annotations:
D:1 Sigmund


Message History

Aim: an adder (heavily wounded)
The magic dart hits the adder.
The adder is heavily wounded.
You feel sick. The adder closely misses you.
You barely miss the adder.
The adder is heavily wounded.
The adder bites you but does no damage. x2
You closely miss the adder.
The adder is heavily wounded.
You feel sick. The adder bites you.
You are lethally poisoned!
The adder poisons you! The adder barely misses you.
You barely miss the adder.
The adder is heavily wounded.
The adder barely misses you.
It was a potion of degeneration.
There was something very wrong with that liquid.
You feel weakened.
You feel dopey.
You feel clumsy.
You feel sick. The adder closely misses you. The adder bites you.
You die...

#........#
#..........
########.#
#........[.
#.#
#..###..###
#.# #..#
#).# #.#
#..###.##
#.#
#.....##
#.# #..#.##
#S#
#..#.######
#@#
#..........
#.###
#..#..####.
#...#
#..#.......
###.#
#..#.......
#.#
#..#.......
#.#
#..........
#.#
####.......
#.#
##.(...#
#.#
###....##


You could see an adder.

Vanquished Creatures
  A worm (D:2)
  2 bats (D:1)
  2 giant cockroaches (D:1)
  A goblin (D:2)
  7 hobgoblins (D:1)
  2 kobolds (D:1)
  A ball python (D:1)
  2 frilled lizards (D:1)
18 creatures vanquished.

Notes
Turn   | Place    | Note
-------+----------+-------------------------------------------
     0 | D:1      | Gildeon the Deep Elf Wizard began the quest for the Orb.
     0 | D:1      | Reached XP level 1. HP: 10/10 MP: 7/7
   195 | D:1      | Reached skill level 5 in Spellcasting
   423 | D:1      | Reached XP level 2. HP: 13/15 MP: 6/10
   456 | D:1      | Learned a level 2 spell: Blink
   459 | D:1      | Learned a level 2 spell: Slow
   462 | D:1      | Learned a level 2 spell: Call Imp
   858 | D:2      | Noticed Sigmund
  1040 | D:1      | Slain by an adder

Vault maps used:
D:1:      lemuel_arrival_muddy
D:2:      wad_pebble_path, uniq_sigmund, uniq_robin

Skill      XL: |  1  2 |
---------------+-------+-----
Spellcasting   | 5 |  5.0
Conjurations   | 2 |  2.5
Dodging        | |  2.4
Stealth        | |  2.4
Summonings     | |  1.1
Translocations | |  1.1

Action                   || total
-------------------------++-------
Melee: Unarmed           ||    13
       Club              ||     4
 Cast: Magic Dart        ||    59
       Blink             ||     5
       Slow              ||     1
  Use: Scroll            ||     2
       Potion            ||     1
Armor: Robe              ||     6
Dodge: Dodged            ||    20

Table legend:
 A = Spawn XP
 B = Non-spawn XP
 C = Spawn XP percentage of total XP
 D = Spawn monster count
 E = Non-spawn monster count
 F = Spawn count percentage of total count
 G = Total turns spent on level
                    A         B        C        D         E        F      G
               +---------+---------+-------+---------+---------+-------+---------
         Total |       0 |      34 |   0.0 |       0 |      18 |   0.0 |  1040
               +---------+---------+-------+---------+---------+-------+---------
           D:1 |       0 |      27 |   0.0 |       0 |      16 |   0.0 |   952
           D:2 |       0 |       7 |   0.0 |       0 |       2 |   0.0 |    88
               +---------+---------+-------+---------+---------+-------+---------
